Map: Data-C

Players

cure

  • Race: Terran Terran
  • Spawn Location: 9:00

Lambo - Winner!

  • Race: Zerg Zerg
  • Spawn Location: 3:00

VOD

Have the link to the VOD?

Description

Time

  • Played on: Oct. 23, 2022, 8:45 p.m.
  • Length: 19:12
Show
View Real Time Build Order
Export as new Build Order

cure Terran 

Build Orders: Command Center First (CC), Mech 

Get SALT Encoding   

  12  0:00  SCV  
  13  0:12  SCV  
  14  0:17  Supply Depot  
  14  0:24  SCV  
  15  0:38  SCV  
  16  0:51  SCV  
  17  0:59  Command Center  
  17  1:03  SCV  
  18  1:12  Barracks  
  18  1:15  SCV  
  19  1:21  Refinery  
  19  1:28  SCV  
  19  1:29  Refinery  
  20  1:40  SCV  
  21  1:52  SCV  
  22  1:59  Marine  
  23  2:04  Orbital Command  
  23  2:09  Factory  
  23  2:13  Orbital Command  
  23  2:17  Barracks Reactor  
  23  2:30  SCV  
  23  2:34  Supply Depot  
  24  2:39  SCV  
  24  2:42  SCV  
  26  2:51  SCV  
  27  2:52  Starport  
  27  2:54  SCV  
  28  2:59  Hellion x2, Barracks Tech Lab  
  28  3:03  SCV  
  33  3:10  SCV  
  34  3:15  Supply Depot, SCV  
  37  3:21  Hellion x2  
  37  3:23  SCV  
  42  3:27  SCV  
  42  3:30  Fusion Core  
  42  3:32  Viking  
  43  3:37  SCV  
  43  3:39  SCV  
  45  3:44  Supply Depot  
  45  3:51  SCV x2  
  45  3:53  Barracks Tech Lab  
  47  4:03  Command Center  
  47  4:06  SCV x2  
  49  4:18  SCV x2  
  49  4:22  Supply Depot  
  49  4:23  Battlecruiser  
  57  4:27  Refinery x2  
  57  4:29  Hellion  
  57  4:30  Hellion  
  61  4:32  SCV  
  61  4:37  Supply Depot  
  62  4:44  SCV x2  
  64  4:47  Supply Depot  
  64  4:51  Hellion x2  
  68  4:56  SCV x2  
  68  5:08  SCV x2  
  70  5:14  Factory  
  70  5:16  Orbital Command  
  70  5:17  Factory  
  70  5:20  SCV x2  
  72  5:27  Battlecruiser  
  78  5:30  Hellion x2  
  78  5:32  SCV  
  83  5:56  SCV x2  
  81  5:59  Orbital Command  
  81  6:02  Hellion  
  81  6:03  Hellion, Factory Tech Lab  
  81  6:04  Hellion  
  75  6:08  SCV x2  
  77  6:17  Armory  
  77  6:18  Engineering Bay, Armory  
  77  6:20  SCV x2  
  77  6:21  Weapon Refit  
  77  6:24  Hellion, Refinery  
  77  6:25  Hellion x2, SCV  
  86  6:31  Refinery  
  87  6:32  SCV  
  87  6:34  Supply Depot  
  87  6:37  Cyclone  
  90  6:44  SCV x3  
  90  6:45  Widow Mine  
  90  6:46  Cyclone, Widow Mine  
  100  6:55  Supply Depot  
  100  6:56  SCV x2  
  100  6:57  SCV  
  100  6:59  Supply Depot, Battlecruiser  
  109  7:17  SCV x3, Siege Tank  
  109  7:21  Siege Tank  
  118  7:23  Hellion x2  
  118  7:26  Supply Depot x2  
  118  7:27  Factory  
  118  7:28  Factory  
  122  7:30  Missile Turret x2  
  122  7:31  Terran Vehicle Weapons Level 1  
  122  7:32  Missile Turret  
  122  7:34  Terran Vehicle And Ship Armor Level 1  
  122  7:36  SCV x2  
  124  7:38  Missile Turret  
  124  7:47  SCV  
  124  7:48  SCV x2  
  127  7:53  Siege Tank x2  
  127  7:54  Hellion x2  
  137  8:03  Command Center  
  137  8:13  Factory Tech Lab, Factory Reactor  
  137  8:31  Siege Tank  
  137  8:34  Factory  
  140  8:38  Factory  
  140  8:39  Supply Depot  
  140  8:40  Supply Depot x2  
  140  8:41  Factory  
  140  9:00  Hellion x2, Siege Tank  
  140  9:01  Hellion, Siege Tank  
  140  9:02  Supply Depot x2, Hellion  
  154  9:03  Supply Depot, Siege Tank  
  157  9:12  Missile Turret x2  
  157  9:22  Hellion x2  
  161  9:26  Factory Tech Lab x2  
  161  9:28  Hellion x2  
  167  9:32  Siege Tank  
  167  9:33  Terran Vehicle Weapons Level 2, Siege Tank  
  167  9:35  Siege Tank  
  167  9:37  Factory Reactor  
  174  9:41  Sensor Tower  
  174  9:43  Hellion x2  
  178  9:50  Terran Vehicle And Ship Armor Level 2  
  178  9:53  Hellion x2  
  178  9:57  Infernal Pre-Igniter  
  178  9:59  Hellion x2  
  186  10:05  Hellion  
  180  10:25  Siege Tank  
  180  10:26  Hellion x2, Siege Tank x3  
  196  10:34  Planetary Fortress  
  188  10:46  Refinery  
  188  10:50  Refinery  
  188  10:53  Thor  
  194  11:00  Command Center  
  194  11:01  Thor  
  200  11:05  Command Center  
  181  11:47  Thor x3  
  181  11:49  Smart Servos  
  168  12:05  Thor x2  
  168  12:06  Hellion x4  
  168  12:07  Hellion x2  
  179  12:27  Hellion x2  
  179  12:28  Hellion x2  
  179  12:29  Hellion x2  
  191  12:30  Thor, Siege Tank  
  198  12:38  Hellion  
  166  12:48  Hellion  
  146  12:51  Hellion, Siege Tank  
  146  12:52  Hellion x4  
  146  12:54  Terran Vehicle Weapons Level 3  
  147  12:59  Siege Tank  
  147  13:02  Siege Tank  
  153  13:05  Orbital Command  
  153  13:09  Siege Tank  
  153  13:10  Hellion  
  158  13:13  Hellion x2, Siege Tank  
  158  13:15  Hellion x6  
  161  13:23  Siege Tank, Planetary Fortress  
  162  13:30  Hellion x3  
  162  13:31  Siege Tank  
  155  13:34  Siege Tank  
  155  13:39  Hellion x2  
  162  13:41  Siege Tank  
  162  13:45  Siege Tank  
  168  13:53  Command Center  
  162  14:06  Siege Tank x3  
  171  14:13  Hellion x2  
  171  14:14  Hellion x2  
  177  14:20  Hellion x2  
  181  14:25  Missile Turret  
  181  14:27  Terran Vehicle And Ship Armor Level 3  
  181  14:29  Missile Turret  
  181  14:42  Siege Tank x3  
  190  14:56  Hellion x2  
  190  14:57  Hellion x2  
  198  15:07  Hellion  
  198  15:11  Hellion  
  198  15:14  Thor, Factory Tech Lab  
  190  15:28  Thor  
  183  15:52  Thor  
  183  15:53  Siege Tank  
  182  15:58  Orbital Command  
  182  16:03  Hellion  
  184  16:05  Factory Tech Lab  
  184  16:10  Factory Reactor  
  151  16:35  Thor x2, Siege Tank  
  128  16:44  Thor  
  104  16:51  Hellion x3  
  110  16:54  Hellion  
  110  16:58  Viking  
  111  17:03  Siege Tank  
  111  17:05  Hellion  
  113  17:09  Hellion  
  112  17:17  Orbital Command  
  99  17:27  Siege Tank x2  
  101  17:44  Hellion, Siege Tank  
  106  17:59  Hellion x2  
  106  18:05  Siege Tank  
  113  18:07  Raven  
  113  18:09  Hellion  
  117  18:27  Siege Tank x2  
  117  18:28  Siege Tank  
  117  18:31  Hellion x2  
  130  18:37  Hellion, Siege Tank x2  
Show
View Real Time Build Order
Export as new Build Order

Lambo Zerg - Winner!

Build Orders: Hatch First 

Get SALT Encoding   

  12  0:00  Drone  
  13  0:12  Overlord  
  13  0:17  Drone  
  14  0:31  Drone x2  
  16  0:48  Hatchery  
  15  0:51  Drone  
  15  0:55  Drone  
  17  0:58  Drone  
  18  1:08  Extractor  
  17  1:13  Spawning Pool  
  17  1:16  Drone  
  17  1:20  Drone  
  18  1:27  Drone  
  19  1:38  Drone  
  20  1:49  Drone  
  21  2:00  Queen x2  
  21  2:01  Zergling x4  
  27  2:11  Drone  
  27  2:12  Overlord  
  28  2:22  Hatchery  
  27  2:24  Drone  
  28  2:32  Drone x3  
  31  2:39  Queen  
  33  2:44  Overlord  
  33  2:49  Metabolic Boost  
  33  2:52  Drone  
  33  2:56  Drone x2  
  36  3:04  Queen  
  38  3:12  Drone x4  
  42  3:13  Drone  
  42  3:16  Drone  
  44  3:21  Overlord  
  44  3:26  Overlord  
  44  3:33  Queen, Drone  
  47  3:38  Queen  
  49  3:41  Drone  
  49  3:42  Drone x2  
  49  3:44  Drone  
  49  3:47  Drone, Overlord  
  54  3:51  Drone x2  
  54  3:54  Overlord  
  56  3:56  Drone  
  56  3:58  Zergling x2  
  56  4:01  Zergling x4  
  60  4:06  Overlord  
  60  4:08  Zergling x4  
  62  4:13  Queen  
  64  4:18  Drone x5  
  64  4:21  Overlord  
  69  4:25  Zergling x2  
  69  4:27  Drone  
  69  4:28  Queen  
  72  4:32  Baneling Nest  
  72  4:36  Drone  
  72  4:37  Drone  
  73  4:38  Zergling x2  
  73  4:41  Lair  
  73  4:43  Drone, Extractor  
  73  4:45  Drone x3  
  77  4:47  Drone x3  
  77  4:50  Drone x2  
  82  4:53  Drone x2  
  82  4:56  Spore Crawler  
  82  4:57  Spore Crawler  
  82  4:59  Spore Crawler  
  81  5:00  Drone x2  
  81  5:03  Overlord  
  83  5:08  Overlord  
  83  5:09  Overlord  
  83  5:12  Extractor  
  83  5:13  Extractor  
  81  5:17  Overlord  
  81  5:19  Overlord  
  81  5:20  Overlord  
  81  5:21  Queen  
  81  5:23  Drone x2  
  81  5:24  Drone x2  
  81  5:25  Drone x2  
  81  5:27  Baneling x3  
  89  5:36  Drone x2  
  89  5:38  Zergling x6  
  93  5:43  Zergling x6  
  90  5:52  Drone x3  
  90  5:56  Drone x4  
  96  6:02  Drone x2  
  95  6:04  Spire  
  95  6:06  Hatchery  
  95  6:11  Drone  
  94  6:12  Overseer, Evolution Chamber  
  94  6:14  Drone, Roach Warren  
  92  6:21  Drone x3  
  95  6:26  Drone, Extractor x2, Evolution Chamber  
  95  6:29  Overlord  
  93  6:33  Drone x2  
  93  6:35  Drone, Overlord  
  93  6:38  Overlord  
  93  6:39  Drone  
  98  6:40  Drone x3  
  98  6:45  Drone  
  98  6:46  Zerg Missile Weapons Level 1  
  101  6:50  Drone  
  102  6:54  Drone x2  
  102  6:58  Spore Crawler  
  102  6:59  Drone, Extractor  
  103  7:02  Roach x3  
  103  7:03  Baneling x2, Roach x3, Extractor  
  103  7:06  Glial Reconstitution  
  114  7:12  Zerg Ground Armor Level 1, Drone  
  114  7:13  Drone x3  
  114  7:14  Drone  
  119  7:23  Drone x4  
  119  7:25  Zerg Flyer Weapons Level 1  
  119  7:29  Corruptor x2  
  127  7:31  Overlord  
  127  7:32  Overlord x2  
  127  7:33  Overlord  
  127  7:39  Overlord  
  127  7:43  Overlord  
  127  7:45  Overlord  
  127  7:46  Overlord  
  127  7:49  Spore Crawler  
  127  7:50  Corruptor x2  
  127  7:51  Corruptor x2  
  130  7:53  Corruptor  
  130  7:56  Corruptor  
  130  7:58  Corruptor  
  138  7:59  Drone  
  138  8:00  Drone  
  138  8:01  Drone  
  138  8:02  Drone  
  138  8:03  Drone x2  
  146  8:09  Corruptor  
  146  8:12  Roach x4  
  154  8:14  Corruptor  
  156  8:20  Corruptor x2  
  156  8:24  Roach x3  
  156  8:25  Ravager  
  167  8:32  Spine Crawler  
  166  8:36  Roach x4, Hatchery  
  166  8:37  Ravager x2  
  175  8:41  Roach x4  
  182  8:49  Overlord x2  
  182  8:50  Overlord  
  182  8:55  Ravager  
  181  9:05  Ravager x2  
  181  9:07  Overlord  
  181  9:08  Centrifugal Hooks  
  181  9:09  Zerg Missile Weapons Level 2  
  183  9:11  Zerg Melee Weapons Level 1  
  183  9:12  Zergling x32  
  183  9:14  Overlord  
  199  9:19  Baneling x2  
  199  9:21  Overlord  
  197  9:24  Overseer  
  197  9:25  Zerg Flyer Weapons Level 2  
  197  9:36  Drone x2  
  197  9:37  Infestation Pit  
  198  9:43  Ravager  
  196  9:54  Overseer  
  196  9:57  Spine Crawler  
  195  10:00  Spine Crawler  
  195  10:03  Drone x2  
  195  10:04  Drone x3  
  198  10:21  Spine Crawler  
  198  10:25  Baneling x22  
  198  10:26  Hive  
  198  10:28  Zergling x4, Baneling x3  
  199  10:34  Zergling x2  
  199  10:42  Corruptor x4  
  180  10:45  Drone x9  
  180  10:47  Extractor x2  
  193  11:00  Hatchery  
  192  11:07  Zerg Melee Weapons Level 2  
  192  11:17  Ravager  
  193  11:31  Pathogen Glands  
  193  11:34  Spine Crawler  
  193  11:35  Corruptor x3, Spore Crawler  
  197  11:45  Zergling x30  
  194  11:47  Roach x3  
  194  11:52  Roach x2  
  196  11:56  Roach x2  
  196  11:59  Roach x2  
  199  12:05  Roach x6  
  199  12:06  Zergling x6  
  197  12:10  Zergling x16  
  197  12:12  Baneling x11  
  200  12:16  Overlord  
  200  12:18  Baneling x8  
  200  12:20  Overlord  
  192  12:24  Zergling x22  
  192  12:27  Ravager x5  
  192  12:29  Zerg Missile Weapons Level 3  
  186  12:38  Zergling x28  
  173  12:44  Zergling x10  
  173  12:50  Zergling x2  
  173  12:51  Zergling x12  
  166  12:53  Drone  
  166  12:54  Drone x2  
  166  12:55  Queen x2  
  166  12:58  Roach x2  
  170  12:59  Baneling  
  170  13:00  Baneling x20  
  170  13:04  Roach x4  
  178  13:07  Baneling x10  
  178  13:10  Roach x2  
  180  13:16  Zergling x22  
  176  13:27  Roach  
  176  13:28  Roach x7  
  176  13:31  Adrenal Glands  
  176  13:32  Greater Spire  
  178  13:34  Roach x2  
  178  13:35  Roach  
  178  13:37  Neural Parasite, Burrow  
  184  13:44  Ravager  
  184  13:47  Drone x4  
  184  13:48  Drone x2  
  180  14:06  Zergling x8, Roach x5  
  180  14:08  Baneling x8  
  199  14:15  Extractor  
  199  14:16  Extractor  
  197  14:18  Zergling x4  
  197  14:21  Ravager  
  197  14:22  Unknown, Ravager x4  
  197  14:23  Hatchery  
  197  14:32  Hatchery  
  196  14:41  Zergling x8  
  196  14:44  Zerg Flyer Weapons Level 3  
  200  14:46  Overlord  
  194  15:08  Zergling x20  
  194  15:09  Roach  
  194  15:12  Roach Warren  
  194  15:14  Zergling x8  
  195  15:21  Roach x2  
  195  15:26  Roach x2  
  196  15:33  Baneling  
  196  15:34  Baneling x13  
  190  15:36  Zergling x2, Roach x4  
  193  15:45  Ravager  
  193  15:46  Ravager x3  
  187  15:50  Roach x5  
  187  15:53  Brood Lord x7  
  187  15:54  Zergling x2  
  195  15:57  Roach x3  
  195  16:03  Roach x4  
  192  16:07  Roach x3  
  192  16:10  Brood Lord  
  199  16:17  Brood Lord  
  194  16:18  Overlord  
  194  16:20  Zergling x4  
  194  16:22  Overlord  
  194  16:24  Overlord  
  179  16:35  Queen  
  179  16:36  Roach x4  
  164  16:43  Roach x3  
  159  16:47  Roach  
  159  16:48  Roach x2  
  159  16:54  Roach x5  
  175  16:56  Ravager x4  
  175  16:57  Zergling x4, Roach  
  183  17:09  Infestor x3, Hatchery  
  183  17:12  Spine Crawler  
  187  17:20  Infestor x3  
  187  17:29  Ravager  
  188  17:34  Drone x5  
  193  17:46  Ravager  
  193  18:15  Zergling x14, Hatchery  
  198  18:27  Overlord  
  198  18:29  Zergling x2  
  179  18:42  Zergling x22  
  173  18:50  Roach  
Tags
 
Add a new tag
Caveats
  • Supply blocks, unpowered buildings, or Contaminate may cause inaccurate times.
  • Supply counts are checked every 10 seconds.